Map: 莱瑞拉克之冠

Players

Cloudy - Winner!

  • Race: Protoss Protoss
  • League: Grandmaster

HideonBush

  • Race: Terran Terran
  • League: Master

VOD

Have the link to the VOD?

Description

Time

  • Played on: March 8, 2016, 10:56 p.m.
  • Length: 10:35
Show
View Real Time Build Order
Export as new Build Order

Cloudy Protoss - Winner!

Build Orders: 1 Gate Expand 

Get SALT Encoding   

  12  0:01  Probe (Chrono Boost)  
  13  0:12  Probe (Chrono Boost)  
  14  0:19  Pylon  
  14  0:24  Probe (Chrono Boost)  
  15  0:39  Probe (Chrono Boost)  
  15  0:40  Gateway  
  15  0:42  Assimilator  
  16  0:49  Probe (Chrono Boost)  
  17  1:00  Probe (Chrono Boost)  
  18  1:10  Probe (Chrono Boost)  
  19  1:19  Nexus  
  19  1:29  Cybernetics Core  
  19  1:32  Probe (Chrono Boost)  
  20  1:39  Assimilator  
  20  1:42  Probe (Chrono Boost)  
  21  1:49  Pylon  
  21  1:53  Probe (Chrono Boost)  
  22  2:03  Probe (Chrono Boost)  
  22  2:07  Adept (Chrono Boost)  
  25  2:14  Mothership Core  
  27  2:29  Warp Gate  
  27  2:31  Probe (Chrono Boost)  
  27  2:35  Probe (Chrono Boost)  
  29  2:43  Probe (Chrono Boost)  
  30  2:45  Robotics Facility  
  30  2:46  Probe (Chrono Boost)  
  31  2:52  Probe (Chrono Boost)  
  31  2:57  Stalker (Chrono Boost), Probe (Chrono Boost)  
  35  3:02  Probe  
  36  3:09  Probe, Pylon  
  36  3:12  Probe  
  38  3:21  Probe  
  38  3:23  Probe  
  38  3:33  Probe  
  38  3:34  Stalker (Chrono Boost)  
  38  3:36  Gateway, Observer (Chrono Boost)  
  38  3:38  Gateway  
  38  3:40  Probe  
  42  3:46  Probe  
  43  3:49  Twilight Council  
  41  3:58  Probe  
  41  4:00  Observer (Chrono Boost), Probe  
  43  4:10  Probe (Chrono Boost)  
  43  4:13  Probe (Chrono Boost)  
  45  4:18  Pylon  
  45  4:21  Observer, Probe (Chrono Boost)  
  48  4:24  Probe (Chrono Boost)  
  45  4:40  Stalker x2  
  45  4:42  Probe (Chrono Boost)  
  45  4:44  Probe (Chrono Boost), Pylon  
  46  4:53  Probe x2, Blink (Chrono Boost)  
  48  5:01  Assimilator  
  48  5:04  Probe  
  48  5:05  Probe  
  48  5:06  Assimilator  
  50  5:10  Adept  
  50  5:11  Adept  
  50  5:12  Stalker  
  56  5:15  Probe  
  56  5:17  Probe  
  56  5:25  Probe  
  57  5:29  Probe, Pylon  
  58  5:35  Stalker  
  58  5:36  Stalker x2  
  63  5:57  Probe  
  63  5:59  Probe  
  65  6:10  Probe x2  
  66  6:12  Nexus  
  66  6:14  Stalker x2  
  70  6:23  Probe  
  70  6:24  Probe  
  70  6:35  Probe  
  70  6:36  Warp Prism (Chrono Boost)  
  73  6:42  Probe  
  74  6:49  Stalker x2  
  78  7:03  Pylon  
  78  7:05  Pylon  
  78  7:06  Probe, Pylon  
  75  7:25  Stalker  
  75  7:26  Stalker x2  
  81  7:35  Probe  
  82  7:42  Forge  
  80  7:44  Probe  
  80  7:49  Probe  
  80  7:51  Forge  
  81  7:56  Dark Shrine, Probe, Adept x3  
  88  8:05  Probe  
  84  8:06  Probe  
  84  8:11  Gateway  
  86  8:14  Gateway  
  86  8:15  Resonating Glaives (Chrono Boost)  
  86  8:26  Sentry x3  
  91  8:29  Protoss Ground Armor Level 1 (Chrono Boost), Protoss Ground Weapons Level 1 (Chrono Boost)  
  91  8:34  Probe x3  
  94  8:46  Probe x2  
  94  8:47  Probe  
  97  8:52  Photon Cannon  
  97  8:53  Pylon  
  97  8:55  Photon Cannon  
  97  8:56  Photon Cannon  
  97  8:58  Probe x2  
  97  9:02  Gateway  
  99  9:05  Pylon  
  99  9:06  Photon Cannon  
  99  9:10  Dark Templar x2  
  99  9:11  Dark Templar  
  105  9:17  Adept x2  
  105  9:21  Pylon  
  109  9:29  Probe  
  104  9:41  Stalker  
  104  9:42  Stalker  
  104  9:44  Gateway  
  104  9:46  Assimilator  
  104  9:48  Gateway  
  104  9:50  Adept x3  
  104  9:51  Warp Prism  
  108  9:53  Assimilator  
  108  9:59  Pylon  
  108  10:00  Adept  
  108  10:02  Pylon  
  108  10:03  Pylon  
  108  10:06  Dark Templar x2  
  114  10:11  Adept x3  
Show
View Real Time Build Order
Export as new Build Order

HideonBush Terran 

Build Orders: 1/1/1, Liberator Opening, MMM Bio 

Get SALT Encoding   

  12  0:01  SCV  
  13  0:13  SCV  
  14  0:18  Supply Depot  
  14  0:25  SCV  
  15  0:40  SCV  
  15  0:42  Barracks  
  16  0:46  Refinery  
  16  0:52  SCV  
  16  0:54  Refinery  
  17  1:04  SCV  
  18  1:16  SCV  
  19  1:29  Orbital Command, Marine  
  20  1:35  Factory  
  20  1:41  Supply Depot  
  20  1:47  Barracks Reactor  
  20  1:55  SCV  
  21  2:07  SCV  
  22  2:21  Starport, SCV  
  23  2:28  Hellion x2  
  27  2:32  Supply Depot  
  27  2:35  SCV  
  28  2:37  Marine  
  29  2:47  SCV  
  30  2:53  Widow Mine x2  
  34  3:01  Medivac  
  37  3:05  SCV, Supply Depot  
  34  3:28  Widow Mine x2  
  34  3:30  SCV  
  37  3:37  Command Center  
  37  3:43  Medivac  
  37  3:45  SCV  
  40  3:58  Barracks Tech Lab, Widow Mine x2  
  40  3:59  SCV, Liberator  
  43  4:13  SCV  
  47  4:17  Stimpack  
  47  4:22  Supply Depot  
  47  4:43  SCV, Marine, Widow Mine x2  
  53  4:51  Barracks x2  
  53  4:54  Orbital Command, Liberator  
  53  5:05  SCV  
  54  5:10  Marauder  
  57  5:16  Widow Mine x2  
  57  5:17  Orbital Command  
  58  5:23  Supply Depot  
  58  5:25  SCV  
  59  5:37  SCV  
  59  5:40  Barracks Reactor, Barracks Tech Lab  
  59  5:41  Marauder  
  59  5:42  Liberator  
  62  5:43  SCV  
  61  5:52  Widow Mine x2  
  55  6:02  SCV x2, Marauder  
  62  6:06  Marauder  
  64  6:14  SCV x2  
  66  6:24  Marauder  
  64  6:26  SCV, Marine x2  
  64  6:27  SCV  
  64  6:30  Refinery x2  
  67  6:38  SCV  
  67  6:39  SCV, Barracks  
  69  6:40  Barracks  
  69  6:43  Starport Reactor  
  69  6:48  Widow Mine x2  
  69  6:49  Marauder  
  69  6:50  Marauder  
  69  6:51  SCV  
  78  6:56  SCV, Marine  
  78  6:59  Marine  
  77  7:03  SCV  
  77  7:07  Supply Depot  
  77  7:08  Supply Depot  
  78  7:12  Engineering Bay  
  78  7:19  Marauder  
  78  7:21  Marine  
  78  7:23  Combat Shields  
  78  7:25  Concussive Shells  
  78  7:28  Marine, Widow Mine x2  
  78  7:29  Medivac x2, Marauder  
  89  7:32  SCV x2  
  91  7:37  Barracks Reactor, Barracks Tech Lab  
  91  7:44  Missile Turret  
  91  7:50  Marine x2  
  93  8:00  Marauder  
  94  8:11  Supply Depot  
  94  8:12  Missile Turret  
  94  8:16  Liberator  
  94  8:22  Marauder  
  94  8:33  Medivac, Command Center  
  99  8:35  Marauder  
  99  8:39  Terran Infantry Weapons Level 1  
  99  8:40  Supply Depot x2  
  101  8:44  Marine x3, Marauder  
  101  8:45  Marine  
  101  8:48  SCV  
  98  8:54  Supply Depot  
  98  9:02  Marauder x2  
  102  9:04  Widow Mine  
  102  9:05  Marauder  
  106  9:13  Marine x4  
  110  9:17  Supply Depot  
  106  9:33  Marine x2, Marauder x2  
  106  9:34  Marine x2  
  110  9:40  SCV x2  
  106  9:51  Missile Turret  
  102  9:58  Marauder x3  
  102  9:59  Marine x4  
  111  10:02  Widow Mine x2  
Tags
 
Add a new tag
Caveats
  • Supply blocks, unpowered buildings, or Contaminate may cause inaccurate times.
  • Supply counts are checked every 10 seconds.